SNL (28 & UNDER)
WICHITA WRANGLERS @ BLACKIRON DRAGONS
09/24/2028
 
TOP OF THE 1ST
Wichita Wranglers batting - Pitching for BlackIron Dragons : LHP Nick Walters
Pitching: LHP Nick Walters
Batting: RHB Jesús Ramos 0-0: Ground out 4-3 (Groundball, 4)
Batting: RHB Travis Ezell 0-0: Foul Ball, location: 2F
0-1: SINGLE (Flyball, 9LM)
Batting: RHB José López 0-0: Ball
Travis Ezell is caught stealing 2nd base
1-0: Ball
2-0: Ball
3-0: Called Strike
3-1: Called Strike
3-2: SINGLE (Flyball, 9LS)
Batting: RHB Félix Gonzáles 0-0: Ball
José López steals 2nd base
1-0: Ball
2-0: Foul Ball, location: 2F
2-1: Ball
3-1: Foul Ball, location: 2F
3-2: Strikes out swinging
Top of the 1st over - 0 run(s), 2 hit(s), 0 error(s), 1 left on base; Wichita 0 - BlackIron 0
BOTTOM OF THE 1ST
BlackIron Dragons batting - Pitching for Wichita Wranglers : RHP John Drake
Pitching: RHP John Drake
Batting: SHB Júlio Macías 0-0: Ball
1-0: Swinging Strike
1-1: Foul Ball, location: 2F
1-2: Ball
2-2: Foul Ball, location: 2F
2-2: Foul Ball, location: 2F
2-2: SINGLE (Groundball, 6S) (infield hit)
Batting: LHB Miguel García 0-0: Called Strike
0-1: Swinging Strike
0-2: Ball
1-2: Strikes out swinging
Batting: RHB Brady McIntyre 0-0: Grounds into double play, 6-4-3 (Groundball, 6)
Bottom of the 1st over - 0 run(s), 1 hit(s), 0 error(s), 0 left on base; Wichita 0 - BlackIron 0
TOP OF THE 2ND
Wichita Wranglers batting - Pitching for BlackIron Dragons : LHP Nick Walters
Batting: LHB Richard Hinkle 0-0: Ball
1-0: Ball
2-0: Swinging Strike
2-1: Swinging Strike
2-2: Strikes out swinging
Batting: RHB Rusty Bennett 0-0: Ball
1-0: Called Strike
1-1: Swinging Strike
1-2: Ball
2-2: Foul Ball, location: 2F
2-2: Foul Ball, location: 2F
2-2: Foul Ball, location: 2F
2-2: Foul Ball, location: 2F
2-2: Ground out 4-3 (Groundball, 4)
Batting: LHB Dudley Cooper 0-0: Ball
1-0: Called Strike
1-1: Ground out U3 (Groundball, 3S)
Top of the 2nd over - 0 run(s), 0 hit(s), 0 error(s), 0 left on base; Wichita 0 - BlackIron 0
BOTTOM OF THE 2ND
BlackIron Dragons batting - Pitching for Wichita Wranglers : RHP John Drake
Batting: RHB Vernon Sterling 0-0: Swinging Strike
0-1: Ball
1-1: Called Strike
1-2: Ball
2-2: SINGLE (Line Drive, 8RS)
Batting: LHB Jeff Thompson 0-0: Ball
1-0: Called Strike
1-1: Ball
2-1: Grounds into double play, 4-6-3 (Groundball, 4)
Batting: LHB Manuel Cardenas 0-0: Foul Ball, location: 2F
0-1: Swinging Strike
0-2: Foul Ball, location: 2F
0-2: Ball
1-2: Strikes out swinging
Bottom of the 2nd over - 0 run(s), 1 hit(s), 0 error(s), 0 left on base; Wichita 0 - BlackIron 0
TOP OF THE 3RD
Wichita Wranglers batting - Pitching for BlackIron Dragons : LHP Nick Walters
Batting: RHB Jorge Barbosa 0-0: Foul Ball, location: 2F
0-1: Called Strike
0-2: Ball
1-2: Ball
2-2: Foul Ball, location: 2F
2-2: SOLO HOME RUN (Flyball, 7D), Distance : 419 ft
Batting: RHB Ricardo Velásquez 0-0: Ball
1-0: Ball
2-0: Ground out 3-1 (Groundball, 34S)
Batting: RHB Jesús Ramos 0-0: Foul Ball, location: 2F
0-1: Ball
1-1: Foul Ball, location: 2F
1-2: Strikes out swinging
Batting: RHB Travis Ezell 0-0: Ball
1-0: Ball
2-0: Foul Ball, location: 2F
2-1: Called Strike
2-2: DOUBLE (Groundball, 5L)
Batting: RHB José López 0-0: Ball
1-0: Ball
2-0: Ball
3-0: Base on Balls
Batting: RHB Félix Gonzáles 0-0: Ground out U3 (Groundball, 23)
Top of the 3rd over - 1 run(s), 2 hit(s), 0 error(s), 2 left on base; Wichita 1 - BlackIron 0
BOTTOM OF THE 3RD
BlackIron Dragons batting - Pitching for Wichita Wranglers : RHP John Drake
Batting: LHB Milo Glenn 0-0: Called Strike
0-1: Swinging Strike
0-2: Foul Ball, location: 2F
0-2: Ball
1-2: Ball
2-2: Ball
3-2: Fly out, F6 (Line Drive, 6)
Batting: LHB António Romo 0-0: Ground out 6-3 (Groundball, 56)
Batting: RHB Bernardo Corona 0-0: Called Strike
0-1: Foul Ball, location: 2F
0-2: Fly out, F8 (Flyball, 78M)
Bottom of the 3rd over - 0 run(s), 0 hit(s), 0 error(s), 0 left on base; Wichita 1 - BlackIron 0
TOP OF THE 4TH
Wichita Wranglers batting - Pitching for BlackIron Dragons : LHP Nick Walters
Batting: LHB Richard Hinkle 0-0: Ball
1-0: Swinging Strike
1-1: Swinging Strike
1-2: Strikes out swinging
Batting: RHB Rusty Bennett 0-0: Foul Ball, location: 2F
0-1: Swinging Strike
0-2: Ball
1-2: Strikes out looking
Batting: LHB Dudley Cooper 0-0: Foul Ball, location: 2F
0-1: Swinging Strike
0-2: Ball
1-2: Ball
2-2: Ball
3-2: Base on Balls
Batting: RHB Jorge Barbosa 0-0: Ball
1-0: Fielders Choice at 2nd, 6-4 (Groundball, 6)
Top of the 4th over - 0 run(s), 0 hit(s), 0 error(s), 0 left on base; Wichita 1 - BlackIron 0
BOTTOM OF THE 4TH
BlackIron Dragons batting - Pitching for Wichita Wranglers : RHP John Drake
Batting: SHB Júlio Macías 0-0: Called Strike
0-1: Ball
1-1: Foul Ball, location: 2F
1-2: Foul Ball, location: 2F
1-2: Ground out U3 (Groundball, 34)
Batting: LHB Miguel García 0-0: Called Strike
0-1: Ball
1-1: Ball
2-1: Foul Ball, location: 2F
2-2: Strikes out looking
Batting: RHB Brady McIntyre 0-0: Ball
1-0: Foul Ball, location: 2F
1-1: SINGLE (Groundball, 56D)
Batting: RHB Vernon Sterling 0-0: Called Strike
0-1: Called Strike
0-2: Foul Ball, location: 2F
0-2: Strikes out looking
Bottom of the 4th over - 0 run(s), 1 hit(s), 0 error(s), 1 left on base; Wichita 1 - BlackIron 0
TOP OF THE 5TH
Wichita Wranglers batting - Pitching for BlackIron Dragons : LHP Nick Walters
Batting: RHB Ricardo Velásquez 0-0: Ground out 6-3 (Groundball, 6)
Batting: RHB Jesús Ramos 0-0: SINGLE (Line Drive, 6MD)
Batting: RHB Travis Ezell 0-0: Ball
1-0: Ball
2-0: Ball
3-0: Called Strike
3-1: Base on Balls
Jesús Ramos to second
Batting: RHB José López 0-0: Ball
1-0: Called Strike
1-1: SINGLE (Groundball, 56S) (infield hit)
Jesús Ramos to third
Travis Ezell to second
Batting: RHB Félix Gonzáles 0-0: Foul Ball, location: 2F
0-1: Ball
1-1: Foul Ball, location: 2F
1-2: Grounds into fielders choice 5-2 (Groundball, 5)
Travis Ezell to third
José López to second
Batting: LHB Richard Hinkle 0-0: Swinging Strike
0-1: SINGLE (Groundball, 6D)
Travis Ezell scores
José López to third
Félix Gonzáles to second
Runner from 3rd tries for Home, SAFE, no throw
Batting: RHB Rusty Bennett 0-0: Ball
1-0: Ball
2-0: Ground out 5-3 (Groundball, 56S)
Top of the 5th over - 2 run(s), 3 hit(s), 0 error(s), 2 left on base; Wichita 3 - BlackIron 0
BOTTOM OF THE 5TH
BlackIron Dragons batting - Pitching for Wichita Wranglers : RHP John Drake
Batting: LHB Jeff Thompson 0-0: Foul Ball, location: 2F
0-1: Ball
1-1: Ball
2-1: Foul Ball, location: 2F
2-2: Ground out 4-3 (Groundball, 4)
Batting: LHB Manuel Cardenas 0-0: Foul Ball, location: 2F
0-1: Foul Ball, location: 2F
0-2: Foul Ball, location: 2F
0-2: Ball
1-2: Ball
2-2: Ball
3-2: Foul Ball, location: 2F
3-2: Base on Balls
Batting: LHB Milo Glenn 0-0: Called Strike
0-1: Ball
1-1: Ball
2-1: Ball
3-1: Fly out, F8 (Flyball, 8LM)
Batting: LHB António Romo 0-0: Ball
1-0: DOUBLE (Flyball, 89M)
Manuel Cardenas to third
Batting: RHB Bernardo Corona 0-0: Ground out 6-3 (Groundball, 6)
Bottom of the 5th over - 0 run(s), 1 hit(s), 0 error(s), 2 left on base; Wichita 3 - BlackIron 0
TOP OF THE 6TH
Wichita Wranglers batting - Pitching for BlackIron Dragons : LHP Nick Walters
Batting: LHB Dudley Cooper 0-0: Called Strike
0-1: Ball
1-1: Ball
2-1: Foul Ball, location: 2F
2-2: Ground out 4-3 (Groundball, 4)
Pitching: LHP Ben Newman
Batting: RHB Jorge Barbosa 0-0: Ball
1-0: Ball
2-0: Foul Ball, location: 2F
2-1: Foul Ball, location: 2F
2-2: Foul Ball, location: 2F
2-2: Ball
3-2: SINGLE (Flyball, 7S)
Batting: RHB Ricardo Velásquez 0-0: Ball
1-0: Ball
2-0: DOUBLE (Line Drive, 78M)
Jorge Barbosa to third
Batting: RHB Jesús Ramos 0-0: Intentional Walk
Batting: RHB Travis Ezell 0-0: Hit by Pitch
Jorge Barbosa scores
Ricardo Velásquez to third
Jesús Ramos to second
Batting: RHB José López 0-0: Called Strike
0-1: Swinging Strike
0-2: Ball
1-2: Strikes out swinging
Batting: RHB Félix Gonzáles 0-0: Ball
1-0: Called Strike
1-1: Hit by Pitch
Ricardo Velásquez scores
Jesús Ramos to third
Travis Ezell to second
Batting: LHB Richard Hinkle 0-0: Called Strike
0-1: Called Strike
0-2: Foul Ball, location: 2F
0-2: Strikes out swinging
Top of the 6th over - 2 run(s), 2 hit(s), 0 error(s), 3 left on base; Wichita 5 - BlackIron 0
BOTTOM OF THE 6TH
BlackIron Dragons batting - Pitching for Wichita Wranglers : RHP John Drake
Batting: SHB Júlio Macías 0-0: Foul Ball, location: 2F
0-1: Fly out, F6 (Popup, 6D)
Batting: LHB Miguel García 0-0: Called Strike
0-1: Ball
1-1: Ground out 1-3 (Groundball, P)
Batting: RHB Brady McIntyre 0-0: Called Strike
0-1: Ground out 3-1 (Groundball, 34S)
Bottom of the 6th over - 0 run(s), 0 hit(s), 0 error(s), 0 left on base; Wichita 5 - BlackIron 0
TOP OF THE 7TH
Wichita Wranglers batting - Pitching for BlackIron Dragons : LHP Ben Newman
Batting: RHB Rusty Bennett 0-0: Ball
1-0: Called Strike
1-1: Fly out, F8 (Flyball, 8LD)
Batting: LHB Dudley Cooper 0-0: Ball
1-0: Ball
2-0: Ball
3-0: Base on Balls
Batting: RHB Jorge Barbosa 0-0: Ball
1-0: Called Strike
1-1: Called Strike
1-2: Strikes out looking
Batting: RHB Ricardo Velásquez 0-0: Ball
1-0: Called Strike
1-1: Ball
2-1: 2-RUN HOME RUN (Flyball, 8LXD), Distance : 419 ft
Pitching: RHP Juan Carlos Guerrero
Batting: RHB Jesús Ramos 0-0: Ball
1-0: Called Strike
1-1: Ground out 5-3 (Groundball, 56)
Top of the 7th over - 2 run(s), 1 hit(s), 0 error(s), 0 left on base; Wichita 7 - BlackIron 0
BOTTOM OF THE 7TH
BlackIron Dragons batting - Pitching for Wichita Wranglers : RHP John Drake
Batting: RHB Vernon Sterling 0-0: Ball
1-0: Ball
2-0: Fly out, F2 (Popup, 15S)
Batting: LHB Jeff Thompson 0-0: Ball
1-0: Ball
2-0: Ball
3-0: Base on Balls
Batting: LHB Manuel Cardenas 0-0: Called Strike
0-1: Ball
1-1: Called Strike
1-2: SINGLE (Line Drive, 56D)
Jeff Thompson to second
Batting: LHB Milo Glenn 0-0: Ball
1-0: Ball
2-0: Foul Ball, location: 2F
2-1: Called Strike
2-2: Foul Ball, location: 2F
2-2: Strikes out swinging
Pitching: RHP Lester Williams
Batting: LHB António Romo 0-0: Ball
1-0: SINGLE (Line Drive, 8RS)
Jeff Thompson to third
Manuel Cardenas to second
Runner from 3rd tries for Home, throw and OUT!
Bottom of the 7th over - 0 run(s), 2 hit(s), 0 error(s), 2 left on base; Wichita 7 - BlackIron 0
TOP OF THE 8TH
Wichita Wranglers batting - Pitching for BlackIron Dragons : RHP Juan Carlos Guerrero
Batting: RHB Travis Ezell 0-0: SINGLE (Line Drive, 56)
Batting: RHB José López 0-0: Grounds into double play, 6-4-3 (Groundball, 6)
Batting: RHB Félix Gonzáles 0-0: Ball
1-0: Ball
2-0: Ball
3-0: Base on Balls
Batting: LHB Richard Hinkle 0-0: Ball
1-0: Ball
2-0: Called Strike
2-1: Fly out, F6 (Popup, 6)
Top of the 8th over - 0 run(s), 1 hit(s), 0 error(s), 1 left on base; Wichita 7 - BlackIron 0
BOTTOM OF THE 8TH
BlackIron Dragons batting - Pitching for Wichita Wranglers : RHP Lester Williams
Now at 2B: Lewis Woods
Batting: RHB Bernardo Corona 0-0: Swinging Strike
0-1: Ball
1-1: Foul Ball, location: 2F
1-2: Ground out 6-3 (Groundball, 6)
Batting: SHB Júlio Macías 0-0: Foul Ball, location: 2F
0-1: Ball
1-1: Ball
2-1: Ball
3-1: Swinging Strike
3-2: SINGLE (Groundball, 4M) (infield hit)
Batting: LHB Miguel García 0-0: Foul Ball, location: 2F
0-1: Ball
1-1: Swinging Strike
1-2: Strikes out swinging
Batting: RHB Brady McIntyre 0-0: Ball
1-0: Foul Ball, location: 2F
1-1: Ball
2-1: Foul Ball, location: 2F
2-2: Foul Ball, location: 2F
2-2: Foul Ball, location: 2F
2-2: SINGLE (Groundball, 6D)
Júlio Macías to second
Batting: RHB Vernon Sterling 0-0: Ball
1-0: Ball
2-0: Foul Ball, location: 2F
2-1: Called Strike
2-2: Foul Ball, location: 2F
2-2: Ball
3-2: Strikes out looking
Bottom of the 8th over - 0 run(s), 2 hit(s), 0 error(s), 2 left on base; Wichita 7 - BlackIron 0
TOP OF THE 9TH
Wichita Wranglers batting - Pitching for BlackIron Dragons : RHP Juan Carlos Guerrero
Batting: RHB Rusty Bennett 0-0: Ball
1-0: DOUBLE (Line Drive, 7LS)
Batting: LHB Dudley Cooper 0-0: Ball
1-0: Ball
2-0: Foul Ball, location: 2F
2-1: Ball
3-1: Fly out, F9 (Line Drive, 9)
Batting: RHB Jorge Barbosa 0-0: Called Strike
0-1: Ball
1-1: Ball
2-1: Ball
Wild Pitch!
Rusty Bennett to third
3-1: Foul Ball, location: 2F
3-2: Strikes out swinging
Batting: RHB Ricardo Velásquez 0-0: Ball
1-0: Swinging Strike
1-1: Foul Ball, location: 2F
1-2: Ball
2-2: Ball
3-2: Strikes out swinging
Top of the 9th over - 0 run(s), 1 hit(s), 0 error(s), 1 left on base; Wichita 7 - BlackIron 0
BOTTOM OF THE 9TH
BlackIron Dragons batting - Pitching for Wichita Wranglers : RHP Lester Williams
Now at 3B: Hubert MacDonald
Batting: LHB Jeff Thompson 0-0: Called Strike
0-1: Called Strike
0-2: Foul Ball, location: 2F
0-2: Strikes out looking
Batting: LHB Manuel Cardenas 0-0: Called Strike
0-1: Swinging Strike
0-2: Hit by Pitch
Batting: LHB Milo Glenn 0-0: Ball
1-0: Ball
2-0: Ball
3-0: Base on Balls
Manuel Cardenas to second
Batting: LHB António Romo 0-0: Fielders Choice at 2nd, 3-6 (Groundball, 34)
Manuel Cardenas to third
Batting: RHB Bernardo Corona 0-0: Ball
1-0: Ball
2-0: Ball
3-0: Called Strike
3-1: Swinging Strike
3-2: Strikes out swinging
Bottom of the 9th over - 0 run(s), 0 hit(s), 0 error(s), 2 left on base; Wichita 7 - BlackIron 0
Tuesday, August 8th, 2017 - OOTP Baseball 17.12 Build 75